 Dungeon Crawl Stone Soup version 0.29.1-1-gd02db6906a (webtiles) character file.

Game seed: 2260948499597273181

213905 inkqb2 the Slayer (level 18, -20/187 HPs)
             Began as a Minotaur Berserker on Oct 8, 2022.
             Was a High Priest of Trog.
             Shot with an arrow by a deep elf master archer (22 damage)
             ... on level 3 of the Elven Halls.
             The game lasted 02:13:23 (51219 turns).

inkqb2 the Slayer (Minotaur Berserker)             Turns: 51219, Time: 02:13:24

Health: -20/187    AC: 28    Str: 26    XL:     18   Next: 28%
Magic:  5/5        EV: 12    Int:  4    God:    Trog [*****.]
Gold:   2139       SH:  0    Dex: 11    Spells: 17/17 levels left

rFire   + . .      SeeInvis .   U - +4 executioner's axe (antimagic)
rCold   . . .      Faith    .   (shield currently unavailable)
rNeg    + + +      Spirit   .   w - +3 chain mail of Valiance {Will+}
rPois   +          Reflect  .   (helmet restricted)
rElec   +          Harm     .   S - scarf {shadows}
rCorr   .          Rampage  .   z - +0 pair of gloves
Will    ++...                   G - +2 pair of boots
Stlth   ..........              K - amulet of the acrobat
HPRegen 0.41/turn               E - ring of Neurosis {rF+ rN++ AC+4 Str-3}
MPRegen 0.09/turn               H - ring of Raiseat {rElec rPois rN+}

@: on berserk cooldown
A: horns 2, retaliatory headbutt
}: 1/15 runes: serpentine
a: Renounce Religion, Berserk, Trog's Hand, Brothers in Arms


You were on level 3 of the Elven Halls.
You worshipped Trog.
Trog was extremely pleased with you.
You visited 6 branches of the dungeon, and saw 31 of its levels.

You collected 3140 gold pieces.
You spent 1001 gold pieces at shops.

Inventory:

Hand Weapons
 j - a +2 great sword of flaming
 U - a +4 antimagic executioner's axe (weapon)
Missiles
 x - a throwing net (quivered)
Armour
 a - +0 fire dragon scales
 s - a +2 kite shield of reflection
 w - the +3 chain mail of Valiance (worn) {Will+}
   (You found it on level 5 of the Dungeon)

   Will:      It increases your willpower.
 z - a +0 pair of gloves (worn)
 G - a +2 pair of boots (worn)
 P - a +1 chain mail of poison resistance
 S - a scarf of shadows (worn)
 T - a scarf of invisibility
Jewellery
 b - a ring of see invisible
 g - a ring of protection from fire
 h - a ring of protection from cold
 i - the ring of Mudig {*Corrode AC+4 Dex+7 Stlth+}
   (You found it on level 4 of the Lair of Beasts)

   [ring of protection]

   AC:        It affects your AC (+4).
   Dex:       It affects your dexterity (+7).
   *Corrode:  It may corrode you when you take damage.
   Stlth:     It makes you more stealthy.
 m - a ring of positive energy
 t - a +6 ring of intelligence
 E - the ring of Neurosis (left hand) {rF+ rN++ AC+4 Str-3}
   (You acquired it on level 3 of the Snake Pit)

   [ring of protection]

   AC:        It affects your AC (+4).
   Str:       It affects your strength (-3).
   rF:        It protects you from fire.
   rN:        It greatly protects you from negative energy.
 H - the ring of Raiseat (right hand) {rElec rPois rN+}
   (You bought it in a shop on level 3 of the Snake Pit)

   [ring of poison resistance]

   rElec:     It insulates you from electricity.
   rPois:     It protects you from poison.
   rN:        It protects you from negative energy.
 J - the amulet "Uficoudu" {Faith rElec}
   (You took it off a deep elf blademaster on level 3 of the Elven Halls)

   [amulet of faith]

   It allows you to gain divine favour quickly.
   rElec:     It insulates you from electricity.
 K - an amulet of the acrobat (around neck)
 L - a ring of protection from cold
Wands
 l - a wand of polymorph (20)
 r - a wand of paralysis (62)
 u - a wand of roots (10)
 v - a wand of mindburst (33)
 y - a wand of light (18)
 B - a wand of flame (42)
Scrolls
 d - 6 scrolls of teleportation
 p - 5 scrolls of enchant weapon
 q - 4 scrolls of poison
 I - a scroll of summoning
 Q - 10 scrolls of identify
 W - 7 scrolls of enchant armour
 Y - 2 scrolls of magic mapping
 Z - 5 scrolls of blinking
Potions
 c - 10 potions of heal wounds
 e - 14 potions of curing
 f - 5 potions of cancellation
 k - 4 potions of ambrosia
 n - 7 potions of lignification
 o - 10 potions of might
 A - 2 potions of invisibility
 C - 2 potions of berserk rage
 F - a potion of resistance
 M - 3 potions of haste
 N - 4 potions of attraction
 O - a potion of flight {unknown}
Miscellaneous
 D - a tin of tremorstones (2/2)
 X - a phial of floods


   Skills:
 + Level 22.9 Fighting
 + Level 3.1 Long Blades
 + Level 22.5 Axes
 + Level 21.5 Armour
 + Level 9.4 Dodging


You had 17 spell levels left.
You didn't know any spells.
Your spell library was empty.

Dungeon Overview and Level Annotations

Branches:
Dungeon (15/15)            Temple (0/1) D:4            Lair (5/5) D:8
 Shoals (0/4) Lair:2        Snake (4/4) Lair:2        Slime (0/5) Lair:4
    Orc (2/2) D:11            Elf (3/3) Orc:2        Vaults (0/5) D:14
 Depths (2/4) D:15

Altars:
Cheibriados
Dithmenos
Elyvilon
Fedhas
Hepliaklqana
Kikubaaqudgha
Nemelex Xobeh
Qazlal
Trog
Xom
Yredelemnul
Zin
Jiyva
Lugonu

Shops:
Orc:1 [![   Orc:2 :([((   Elf:1 *   Snake:3 =:=

Portals:
Hell: Depths:1
Abyss: Depths:1

Annotations:
D:5 3 runed translucent doors, diceflayer's ghost, novice DsFi
D:13 2 transporters, Maxmaps's ghost, adept FoSk
Snake:3 1 runed translucent door, Ousak's ghost, adept OpTm
Orc:1 2 runed translucent doors, exclusion: orange crystal statue


Innate Abilities, Weirdness & Mutations

You have a pair of horns on your head.
You reflexively headbutt those who attack you in melee.


Message History

The deep elf master archer shouts!
The deep elf master archer wields a +0 longbow.
The deep elf master archer shoots an arrow.
The arrow hits you!!
The deep elf master archer drinks a potion.
The deep elf master archer seems to speed up.
A deep elf sorcerer comes into view. It is wielding a +0 long sword.
The deep elf sorcerer shouts!
The deep elf master archer shoots an arrow.
The arrow hits you!
You slash the deep elf master archer!
The deep elf master archer is lightly wounded.
The deep elf master archer shoots an arrow.
The arrow barely misses you.
You slash the deep elf master archer!
The deep elf master archer is moderately wounded.
The deep elf master archer shoots an arrow.
The arrow hits you.
The deep elf master archer shoots an arrow.
The arrow hits you!
* * * LOW HITPOINT WARNING * * *
The deep elf master archer shoots an arrow.
The arrow hits you!!
* * * LOW HITPOINT WARNING * * *
You feel much better.
The deep elf master archer shoots an arrow.
The arrow hits you!
* * * LOW HITPOINT WARNING * * *
The deep elf master archer shoots an arrow.
The arrow hits you!!
* * * LOW HITPOINT WARNING * * *
The deep elf master archer shoots an arrow.
The arrow hits you!
* * * LOW HITPOINT WARNING * * *
Blink to where?
Press: ? - help, Dir - move target
As you read the scroll of blinking, it crumbles to dust.
The deep elf master archer shoots an arrow.
The arrow hits you!!
You die...

##.......###
##.........##
##........#
#).....[....#
##.........#
#...........#
#......)...#
#.....⌠.....##
##.........#
#...........+.
##....)#)e###
#...........##
##...)#..e.##
##.?.......##
##.#.))###.##
##.......##
###.#.####@#
##'#.....##
###))#######.########
###)#####.## #
###...#)## #
#.......##############
#.......'............'
#.......##############
#..^.)..# ##
#.......## ##'


You could see a deep elf master archer (fast) and a deep elf sorcerer.

Vanquished Creatures
  Rupert (D:12)
  2 quicksilver dragons (Snake:4)
  2 deep elf blademasters (Elf:3)
  Frances (Snake:2)
  Kirke (Snake:4)
  Donald (Snake:4)
  2 nagarajas
  A frost giant (Depths:1)
  Aizul (Snake:2)
  5 deep elf sorcerers
  5 deep elf elementalists (Elf:3)
  Nessos (D:12)
  A stone giant (Depths:1)
  A vampire knight (Depths:1)
  2 deep elf demonologists (Elf:3)
  8 deep elf annihilators
  2 ettins
  Josephine (Orc:1)
  2 fire dragons (Depths:1)
  2 deep elf death magi (Elf:3)
  3 boulder beetles
  3 deep elf high priests (Elf:3)
  6 hydras
  2 ice dragons
  A salamander tyrant (Snake:4)
  An ogre mage (D:15)
  11 anacondas
  9 two-headed ogres
  2 centaur warriors
  8 death yaks
  11 naga warriors
  2 deep troll shamans (D:15)
  21 dancing weapons
  7 orc high priests
  Urug (D:11)
  3 tengu warriors
  11 naga sharpshooters
  Nergalle (Lair:1)
  A vampire mage (Depths:1)
  6 shock serpents
  9 deep elf knights
  5 iron trolls
  3 salamander mystics
  A goliath frog (Lair:5)
  A fire crab (shapeshifter) (D:15)
  4 skeletal warriors
  A golden dragon zombie (D:15)
  5 deep trolls (D:15)
  2 naga ritualists
  3 deep elf archers
  A wizard (Elf:1)
  Pikel (D:8)
  A phantasmal warrior (D:15)
  A lindwurm (Lair:3)
  23 ugly things
  19 deep elf pyromancers
  A necromancer (D:15)
  2 orc knights
  3 mana vipers
  13 deep elf zephyrmancers
  2 manticores
  2 cyclopes
  7 salamanders
  2 orc sorcerers
  A fire giant zombie (D:15)
  10 guardian serpents
  18 elephants
  10 naga magi
  32 black mambas
  A torpor snail (Lair:5)
  Maggie (D:7)
  A gargoyle (D:7)
  A kobold demonologist (D:10)
  5 komodo dragons
  18 cane toads
  A rime drake (D:12)
  2 unseen horror zombies (D:9)
  An unseen horror (D:11)
  An efreet (D:15)
  3 tengu conjurers
  9 trolls
  4 polar bears
  A wind drake (shapeshifter) (D:15)
  A guardian mummy (D:15)
  A meliai (shapeshifter) (D:14)
  A hornet (D:10)
  22 blink frogs (Lair:5)
  3 tyrant leeches (Lair:5)
  7 dream sheep
  4 slime creatures (D:13)
  An ettin zombie (D:15)
  A snapping turtle (Lair:2)
  3 centaur simulacra (D:15)
  An air elemental (Elf:1)
  A vampire (D:13)
  3 water elementals
  A fire bat (shapeshifter) (D:15)
  6 wraiths
  A wyvern (Lair:1)
  4 shadows
  Eustachio (D:4)
  3 basilisks
  2 hogs (Snake:4)
  2 steam dragons (D:8)
  39 yaks
  A glowing shapeshifter zombie (D:15)
  13 vampire mosquitoes
  5 wargs
  2 acid dragons
  45 nagas
  4 water moccasins
  3 sky beasts
  21 orc warriors
  2 black bears
  2 ice beasts
  A boggart (Elf:1)
  20 wolves
  7 ogres
  6 centaurs
  A lemure (D:8)
  3 phantoms
  2 kobold brigands
  2 gnoll sergeants
  19 bullfrogs
  Blork the orc (D:4)
  An earth elemental (Elf:1)
  2 scorpions
  5 wights (D:6)
  4 killer bees (D:9)
  3 howler monkeys
  3 electric eels
  4 crimson imps (D:11)
  5 hounds
  38 orc priests
  3 jellies
  3 gnoll boudas
  18 orc wizards
  Natasha (thrice) (D:4)
  4 iguanas
  6 hell rats (Lair:3)
  23 gnolls
  5 adders
  A white imp (D:7)
  2 ufetubi
  A worm (D:5)
  A dart slug (D:2)
  92 orcs
  5 endoplasms
  2 giant cockroaches
  5 goblins
  4 hobgoblins
  3 jackals (D:1)
  10 kobolds
  5 quokkas
  9 ball pythons
  2 bats (D:1)
  3 frilled lizards
  4 rats
931 creatures vanquished.

Vanquished Creatures (collateral kills)
  An orc knight (Orc:1)
  2 orc warriors (Orc:1)
  An ogre (Orc:1)
  An orc priest (Orc:1)
  3 orcs (Orc:1)
8 creatures vanquished.

Vanquished Creatures (others)
  Asterion (Snake:4)
  A human (Snake:4)
  A sky beast (D:7)
  22 fungi
  100 plants
  11 withered plants
136 creatures vanquished.

Grand Total: 1075 creatures vanquished

Notes
Turn   | Place    | Note
-------+----------+-------------------------------------------
     0 | D:1      | inkqb2 the Minotaur Berserker began the quest for the Orb.
     0 | D:1      | Reached XP level 1. HP: 19/19 MP: 0/0
   106 | D:1      | Reached XP level 2. HP: 24/27 MP: 1/1
   507 | D:1      | Reached XP level 3. HP: 33/33 MP: 2/2
   891 | D:2      | Reached ** piety under Trog
  1312 | D:2      | Found a faded altar of an unknown god.
  1484 | D:3      | Reached XP level 4. HP: 41/41 MP: 3/3
  1490 | D:3      | Reached skill level 5 in Axes
  1754 | D:3      | Reached XP level 5. HP: 44/47 MP: 4/4
  2240 | D:4      | Noticed Natasha
  2243 | D:4      | Killed Natasha
  2281 | D:4      | Noticed a phantom
  2488 | D:4      | Noticed an ogre
  2488 | D:4      | Noticed Blork the orc
  2552 | D:3      | Killed a phantom
  2553 | D:3      | Reached XP level 6. HP: 55/55 MP: 5/5
  2641 | D:4      | Noticed Eustachio
  2664 | D:4      | Killed Eustachio
  2665 | D:4      | Reached skill level 5 in Fighting
  2740 | D:4      | Reached skill level 5 in Armour
  2740 | D:4      | Reached XP level 7. HP: 61/61 MP: 6/6
  2843 | D:4      | Found a staircase to the Ecumenical Temple.
  2911 | D:4      | Killed Blork the orc
  2957 | D:4      | Noticed Natasha
  2961 | D:4      | Killed Natasha
  2999 | D:4      | Noticed Natasha
  3006 | D:4      | Killed Natasha
  3400 | D:5      | Entered Level 5 of the Dungeon
  3896 | D:5      | Reached XP level 8. HP: 68/70 MP: 7/7
  4015 | D:5      | Identified the +3 chain mail of Valiance {Will+}
  4230 | D:5      | Found a runed translucent gate.
  4230 | D:5      | Found a runed translucent gate.
  4232 | D:5      | Found a runed translucent gate.
  4233 | D:5      | Noticed diceflayer's ghost (novice DsFi)
  4250 | D:5      | Reached *** piety under Trog
  5850 | D:6      | Reached XP level 9. HP: 79/79 MP: 8/8
  5860 | D:6      | Reached skill level 10 in Axes
  6549 | D:6      | Found a hazy altar of Hepliaklqana.
  6550 | D:6      | Found a shadowy altar of Dithmenos.
  6562 | D:6      | Found a stormy altar of Qazlal.
  6672 | D:7      | Noticed Maggie
  7130 | D:7      | Killed Maggie
  7561 | D:7      | Reached **** piety under Trog
  8169 | D:8      | Found a staircase to the Lair.
  8217 | D:8      | Noticed Pikel
  8235 | D:8      | Killed Pikel
  8236 | D:8      | Reached skill level 10 in Armour
  8236 | D:8      | Reached XP level 10. HP: 90/90 MP: 9/9
  8273 | D:8      | Found a snail-covered altar of Cheibriados.
  8479 | D:8      | Noticed a gargoyle
  8507 | D:7      | Killed a gargoyle
 10260 | D:9      | Found a basalt altar of Yredelemnul.
 10354 | D:9      | Found a sparkling altar of Nemelex Xobeh.
 10555 | D:10     | Entered Level 10 of the Dungeon
 10591 | D:10     | Reached XP level 11. HP: 96/97 MP: 10/10
 10632 | D:10     | Found a glowing silver altar of Zin.
 11043 | D:10     | Found a white marble altar of Elyvilon.
 11044 | D:10     | Found an ancient bone altar of Kikubaaqudgha.
 11135 | D:10     | Reached skill level 10 in Fighting
 11224 | D:11     | Found a staircase to the Orcish Mines.
 11296 | D:11     | Noticed a two-headed ogre
 11318 | D:11     | Killed a two-headed ogre
 11455 | D:11     | Found a shimmering altar of Xom.
 11480 | D:11     | Noticed a boulder beetle
 11678 | D:11     | Noticed a two-headed ogre
 11687 | D:11     | Killed a two-headed ogre
 12390 | D:12     | Noticed Nessos
 12390 | D:12     | Noticed Rupert
 12535 | D:12     | Noticed a deep elf pyromancer
 12544 | D:12     | Killed a deep elf pyromancer
 12659 | D:12     | Killed Rupert
 12741 | D:12     | Killed Nessos
 12977 | D:12     | Reached XP level 12. HP: 112/112 MP: 11/11
 13066 | D:12     | Noticed a four-headed hydra
 13413 | D:13     | Noticed a four-headed hydra
 13463 | D:12     | Reached skill level 5 in Dodging
 13484 | D:12     | Reached skill level 15 in Armour
 13962 | D:13     | Noticed a tengu warrior
 13962 | D:13     | Noticed a tengu warrior
 14085 | Lair:1   | Entered Level 1 of the Lair of Beasts
 14523 | Lair:1   | Noticed a death yak
 14575 | Lair:1   | Noticed a death yak
 14575 | Lair:1   | Noticed a death yak
 14588 | Lair:1   | Noticed a death yak
 14588 | Lair:1   | Noticed a death yak
 14588 | Lair:1   | Noticed a death yak
 14597 | D:8      | Killed a death yak
 14665 | D:8      | Killed a death yak
 14673 | D:8      | Killed a death yak
 14679 | D:8      | Killed a death yak
 14736 | D:7      | Killed a death yak
 14741 | D:7      | Killed a death yak
 14958 | Lair:1   | Noticed Nergalle
 14979 | Lair:1   | Killed Nergalle
 15560 | Lair:2   | Found a staircase to the Shoals.
 15667 | Lair:2   | Reached XP level 13. HP: 124/124 MP: 12/12
 15810 | Lair:2   | You fall into a shaft and drop 2 floors!
 16126 | Lair:4   | Identified the ring of Mudig {*Corrode AC+4 Dex+7 Stlth+}
 16309 | Lair:3   | Reached skill level 15 in Axes
 16731 | Lair:3   | Reached skill level 1 in Long Blades
 17457 | Lair:3   | Reached skill level 15 in Fighting
 18195 | Lair:3   | Found a blossoming altar of Fedhas.
 18749 | Lair:4   | Found a staircase to the Slime Pits.
 18749 | Lair:4   | Found a viscous altar of Jiyva.
 19059 | Lair:5   | Entered Level 5 of the Lair of Beasts
 19625 | Lair:5   | Reached ***** piety under Trog
 20202 | Lair:5   | Reached XP level 14. HP: 135/137 MP: 13/13
 20514 | Lair:5   | Received a gift from Trog
 21992 | Orc:1    | Entered Level 1 of the Orcish Mines
 22235 | Orc:1    | Noticed Urug
 22326 | D:11     | Killed Urug
 22786 | Orc:1    | Found a runed translucent door.
 22791 | Orc:1    | Found the +10 tower shield of Ignorance {rN+ Int-4}
 22801 | Orc:1    | Found a runed translucent door.
 23111 | Orc:2    | Entered Level 2 of the Orcish Mines
 23373 | Orc:2    | Noticed Josephine
 23692 | Orc:1    | Killed Josephine
 24324 | Orc:2    | Found a staircase to the Elven Halls.
 24374 | Orc:1    | Found Gophe's Antique Armour Emporium.
 24529 | Orc:1    | Found Guopipt's Distillery.
 24565 | Orc:1    | Found Sasaci Jagoh's Armour Shoppe.
 25083 | Orc:2    | Received a gift from Trog
 25244 | Orc:2    | Found Orimurudgh's Antique Weapon Shop.
 25244 | Orc:2    | Found Bot Difa's Book Emporium.
 25828 | Orc:2    | Found Otiet's Weapon Shop.
 25919 | Orc:2    | Found Roed's Antique Weapon Shop.
 25919 | Orc:2    | Found Lyirghipn's Antique Armour Emporium.
 26084 | Elf:1    | Entered Level 1 of the Elven Halls
 27264 | D:13     | Found a transporter.
 27276 | D:13     | Found a transporter.
 27277 | D:13     | Noticed Maxmaps's ghost (adept FoSk)
 27850 | D:14     | Reached XP level 15. HP: 131/149 MP: 4/14
 29102 | D:14     | Received a gift from Trog
 29393 | D:14     | Found a gate to the Vaults.
 29614 | D:15     | Entered Level 15 of the Dungeon
 30085 | D:15     | Found a staircase to the Depths.
 31373 | Depths:1 | Entered Level 1 of the Depths
 32755 | Depths:1 | Noticed a frost giant
 32974 | Depths:1 | Killed a frost giant
 33256 | Depths:1 | Found a gateway to Hell.
 33710 | Depths:1 | Found a bloodstained altar of Trog.
 33765 | Depths:1 | Found an ancient bone altar of Kikubaaqudgha.
 33927 | Depths:1 | Reached XP level 16. HP: 162/162 MP: 5/15
 34137 | Depths:1 | Found a corrupted altar of Lugonu.
 34138 | Depths:1 | Found a one-way gate to the infinite horrors of the Abyss.
 35100 | Lair:2   | Found a staircase to the Snake Pit.
 35460 | Snake:1  | Entered Level 1 of the Snake Pit
 38128 | Snake:2  | Found a sparkling altar of Nemelex Xobeh.
 38136 | Snake:2  | You fall into a shaft and drop 1 floor!
 38646 | Snake:2  | Noticed Frances
 39472 | Snake:2  | Noticed Aizul
 39492 | Snake:2  | Killed Aizul
 40694 | Snake:2  | Killed Frances
 41034 | Snake:3  | Found Celis's Jewellery Emporium.
 41035 | Snake:3  | Found Hulet's Jewellery Emporium.
 41035 | Snake:3  | Found Yclos's Book Boutique.
 41241 | Snake:3  | Found a runed translucent door.
 41243 | Snake:3  | Noticed Ousak's ghost (adept OpTm)
 41258 | Snake:3  | Identified a scroll of acquirement
 41261 | Snake:3  | Acquired the ring of Neurosis {rF+ rN++ AC+4 Str-3}
 41676 | Snake:3  | Bought the ring of Raiseat {rElec rPois rN+} for 611 gold
                  | pieces
 41705 | Snake:4  | Entered Level 4 of the Snake Pit
 41706 | Snake:4  | Noticed Kirke
 41855 | Snake:4  | Received a gift from Trog
 42155 | Snake:4  | Noticed Donald
 42173 | Snake:4  | Killed Donald
 42695 | Snake:4  | Reached XP level 17. HP: 162/174 MP: 5/16
 43182 | Snake:4  | Noticed Asterion
 43206 | Snake:4  | Killed Asterion
 43601 | Snake:4  | Killed Kirke
 45380 | Snake:4  | Noticed a quicksilver dragon
 45380 | Snake:4  | Noticed a quicksilver dragon
 45396 | Snake:4  | Killed a quicksilver dragon
 45399 | Snake:4  | Killed a quicksilver dragon
 45470 | Snake:4  | Got a serpentine rune of Zot
 46055 | Elf:1    | Paralysed by an air elemental for 1 turns
 46058 | Elf:1    | Paralysed by an air elemental for 1 turns
 46063 | Elf:1    | Paralysed by an air elemental for 1 turns
 46068 | Elf:1    | Received a gift from Trog
 46209 | Elf:1    | Found Ylorghie's Assorted Antiques.
 46216 | Elf:1    | Bought a transparent executioner's axe for 390 gold pieces
 46216 | Elf:1    | Identified the +1 executioner's axe "Syin Uni" {drain,
                  | rElec rPois MP+9 Str-4} (You bought it in a shop on level 1
                  | of the Elven Halls)
 47528 | Elf:2    | Found a huge runed translucent gate.
 47528 | Elf:2    | Found a huge runed translucent gate.
 47528 | Elf:2    | Found a huge runed translucent gate.
 47528 | Elf:2    | Found a huge runed translucent gate.
 47531 | Elf:2    | Found a huge runed translucent gate.
 49331 | Elf:3    | Entered Level 3 of the Elven Halls
 49883 | Elf:3    | Reached XP level 18. HP: 178/187 MP: 5/17
 50439 | Elf:3    | Received a gift from Trog
 50680 | Elf:3    | Identified the +0 chain mail of Odoqon {Str+3}
 50680 | Elf:3    | Identified the amulet "Uficoudu" {Faith rElec}
 51104 | Elf:3    | Identified the +8 rapier of Watchfulness {vorpal, Str+7
                  | Stlth-}
 51218 | Elf:3    | HP: 1/187 [deep elf master archer/arrow (15)]
 51219 | Elf:3    | Shot with an arrow by a deep elf master archer

Illustrated notes

Levels and vault maps discovered:
D:1:      amcnicky_arrival_double_pillar, layout_rooms, chequers_jeans,
          nicolae_grassy_gnolls
D:2:      layout_basic, dreamdust_ecumenical_altar_angels_and_demons
D:3:      layout_loops_ring, kennysheep_generic_room_16
D:4:      layout_basic, temple_statues, uniq_blork_the_orc, uniq_natasha,
          uniq_eustachio
D:5:      layout_basic, gammafunk_ghost_necromancy, cheibrodos_sewer_entry_bend
D:6:      layout_basic, minitemple
D:7:      layout_loops_ring, uniq_maggie
D:8:      layout_rooms, cheibriados_altar_1, lair_entry_dummy,
          serial_corexii_hall, chequers_hall_statues_wall_a,
          corexii_hall_statues_l, chequers_serial_rivers_micro_c, uniq_pikel
D:9:      layout_cave_pools, kennysheep_mini, lemuel_zombie_altar_yredelemnul
D:10:     layout_cave_pools, mainiacjoe_overflow_alcove_2,
          nicolae_overflow_hidden_temple
D:11:     layout_long_grid, orc_0_dummy, led_xom_imps
D:12:     layout_long_grid, portal_ice_cave_entry_animals_and_master,
          uniq_rupert, uniq_nessos
D:13:     layout_loops_ring, gammafunk_ghost_wrathful_warriors
D:14:     layout_basic, david_vaults_4, serial_corexii_hall,
          corexii_hall_statues_l, corexii_hall_statues_l
D:15:     gammafunk_depths_entry_grave, layout_gridville, minmay_misc_feat_chi
Lair:1:   layout_layer_cave, serial_bayou_pond_d, st_stairs_5, uniq_nergalle
Lair:2:   layout_long_grid, minmay_shoals_entry_hut,
          minmay_snake_entry_guardpost_small
Lair:3:   layout_chaotic_city, basic_altar, minmay_stone_trees_small,
          kennysheep_catoblepas_arena, lemuel_fruit_tree
Lair:4:   layout_cellular_growth, slime_entry_1
Lair:5:   minmay_lair_end_frog_pond, layout_regular_city, minivault_25
Snake:1:  layout_onion_interference, nicolae_snake_gridmaze_entwining,
          nicolae_snake_gridmaze_squiggle, hangedman_snake_corridor_split
Snake:2:  layout_cave_pods, basic_altar, uniq_aizul, uniq_frances
Snake:3:  layout_misc_corridors, gammafunk_ghost_grave, grunt_megastairs_1,
          minmay_shop_grove
Snake:4:  hellmonk_snake_rune_quicksilver_temple, layout_cave_town,
          nicolae_snake_gridmaze_zigzag, serial_bayou_shore_b,
          grunt_megastairs_3, uniq_kirke, uniq_donald, uniq_asterion
Orc:1:    layout_diamond_mine, serial_shops, shop, nicolae_shop_crystal, shop,
          chequers_guarded_unrand_ignorance, uniq_urug
Orc:2:    st_orc_town, layout_caves, serial_shops, shop, uniq_josephine
Elf:1:    minmay_elf_arrival_circle, layout_geoelf_octagon, serial_shops,
          nicolae_shop_overgrown_old_shop, hangedman_elf_disciples
Elf:2:    elven_hall_of_blades_hangedman_alternative
          [nicolae_blade_entry_antechamber], layout_geoelf_diagonals,
          grunt_megastairs_5
Elf:3:    elf_hall, layout_geoelf_diagonals, minivault_11
Depths:1: layout_gridlike, trog_three_pillars_becter, abyss_entry_flame_altar,
          hell_entry, st_stairs_5, amcnicky_mini_pool_small, grunt_ministairs_6,
          kennysheep_donut, kiku_gazebo_garden_becter
Depths:2: minmay_firetagon, layout_basic, rand_demon_pan_entry_3,
          pf_hell_entry_great_geh, hangedman_abyss_or_decor_stagger,
          okawaru_ov_weapons_minmay

Skill      XL: |  1  2  3  4  5  6  7  8  9 10 11 12 13 14 15 16 17 18 |
---------------+-------------------------------------------------------+-----
Fighting       | 4 5 7 8 9 11 14 16 17 20 21 22 | 22.9
Axes           | 4 5 6 7 9 12 13 14 16 17 18 19 21 22 | 22.5
Armour         | 3 4 5 6 8 10 12 14 16 17 18 19 20 21 | 21.5
Dodging        | 3 4 6 7 8 9 |  9.4
Long Blades    | 2 3 |  3.1

Action                   |  1- 3 |  4- 6 |  7- 9 | 10-12 | 13-15 | 16-18 || total
-------------------------+-------+-------+-------+-------+-------+-------++-------
Melee: Hand axe          |    71 |    32 |   140 |   540 |   686 |       ||  1469
       Headbutt          |     7 |     6 |    65 |   152 |   307 |   217 ||   754
       Punch             |     1 |       |     5 |     9 |    11 |       ||    26
       War axe           |       |    23 |   121 |       |       |       ||   144
       Falchion          |       |       |       |       |    27 |     6 ||    33
       Executioner's axe |       |       |       |       |   429 |   938 ||  1367
Invok: Berserk           |     2 |     4 |    10 |    15 |    23 |    22 ||    76
       Trog's Hand       |     1 |       |     1 |     3 |     7 |     4 ||    16
       Brothers in Arms  |       |       |       |       |     1 |     2 ||     3
  Use: Scroll            |     6 |     1 |    13 |     7 |     5 |     9 ||    41
       Potion            |       |       |       |       |       |     1 ||     1
 Stab: Petrified         |       |       |       |       |     1 |       ||     1
Armor: Animal skin       |     2 |       |       |       |       |       ||     2
       Ring mail         |    14 |    16 |    19 |       |       |       ||    49
       Chain mail        |       |       |    85 |   233 |   544 |   459 ||  1321
Dodge: Dodged            |    30 |    25 |   122 |   255 |   765 |   555 ||  1752
